 Dungeon Crawl Stone Soup version 0.30-a0-385-gfebfb9b (webtiles) character file.

Game seed: 10504923275056157320

8664 BarneyGumball the Slicer (level 11, 0/69 HPs)
             Began as a Kobold Brigand on Dec 2, 2022.
             Was a Follower of Uskayaw.
             Slain by Erolcha
             ... wielding a +0 spectral giant club
              (32 damage)
             ... on level 10 of the Dungeon.
             The game lasted 00:48:50 (11903 turns).

BarneyGumball the Slicer (Kobold Brigand)          Turns: 11903, Time: 00:48:51

Health: 0/69       AC:  6    Str: 15    XL:     11   Next: 60%
Magic:  17/17      EV: 18    Int: 13    God:    Uskayaw [*.....]
Gold:   699        SH:  0    Dex: 20    Spells: 8/10 levels left

rFire   + . .      SeeInvis .    t - +0 dagger (venom)
rCold   . . .      Faith    .    (no shield)
rNeg    . . .      Spirit   .    b - +0 robe
rPois   +          Reflect  .    s - +1 helmet
rElec   .          Harm     .    c - +0 cloak
rCorr   .          Rampage  .    w - +0 pair of gloves
Will    .....                    (no boots)
Stlth   ++++++....               (no amulet)
HPRegen 0.31/turn                o - +6 ring of strength
MPRegen 0.15/turn                y - ring of protection from fire

@: studying Unarmed Combat
A: small, no large weapons, nightstalker 3, poison resistance
a: Renounce Religion, Stomp


You were on level 10 of the Dungeon.
You worshipped Uskayaw.
Uskayaw was aware of your devotion.
You visited 2 branches of the dungeon, and saw 11 of its levels.

You collected 699 gold pieces.

Inventory:

Hand Weapons
 j - a +1 vampiric dagger
 t - a +0 dagger of venom (weapon)
 z - a +2 dagger of holy wrath
 A - a +0 rapier
 F - a +0 dagger of speed
Missiles
 d - 7 poisoned darts (quivered)
 e - 4 curare-tipped darts
 q - 5 atropa-tipped darts
Armour
 b - a +0 robe (worn)
 c - a +0 cloak (worn)
 s - a +1 helmet (worn)
 w - a +0 pair of gloves (worn)
Jewellery
 o - a +6 ring of strength (left hand)
 p - a ring of magical power
 x - a ring of flight
 y - a ring of protection from fire (right hand)
Wands
 i - a wand of roots (13)
 v - a wand of flame (8)
Scrolls
 a - a scroll of identify
 h - 2 scrolls of fog
 m - a scroll of vulnerability {unknown}
 n - 3 scrolls of enchant armour
 r - a scroll of amnesia
 G - 2 scrolls of poison
 H - 2 scrolls of immolation
 I - a scroll of silence {unknown}
 J - a scroll of magic mapping
 K - a scroll of acquirement {unknown}
Potions
 f - 4 potions of mutation
 k - 2 potions of resistance
 l - 5 potions of lignification
 B - 3 potions of attraction
 L - a potion of brilliance


   Skills:
 + Level 8.9 Fighting
 - Level 14.0 Short Blades
 - Level 2.1 Throwing
 + Level 5.6 Dodging
 + Level 10.3 Stealth
 * Level 8.9 Invocations


You had 8 spell levels left.
You knew the following spells:

 Your Spells              Type           Power      Damage    Failure   Level
a - Ensorcelled Hibernat  Hex/Ice        0%         N/A       43%         2

Your spell library contained the following spells:

 Spells                   Type           Power      Damage    Failure   Level
 Apportation              Tloc           0%         N/A       30%         1
 Magic Dart               Conj           0%         1d3       30%         1
 Searing Ray              Conj           0%         2d4       43%         2
 Sublimation of Blood     Necr           0%         N/A       43%         2
 Wereblood                Tmut           0%         N/A       43%         2
 Inner Flame              Hex/Fire       0%         N/A       67%         3
 Spider Form              Tmut/Pois      0%         N/A       67%         3
 Summon Guardian Golem    Hex/Summ       0%         N/A       67%         3
 Anguish                  Hex/Necr       0%         N/A       97%         4
 Flame Wave               Conj/Fire      0%         2d4       97%         4
 Fulminant Prism          Conj/Hex       0%         3d5       97%         4
 Sticky Flame             Conj/Fire      0%         2d3       97%         4
 Alistair's Intoxication  Tmut/Pois      0%         N/A       100%        5
 Orb of Destruction       Conj           0%         9d5       100%        7
 Spellforged Servitor     Conj/Summ      0%         N/A       100%        7
 Summon Hydra             Summ           0%         N/A       100%        7


Dungeon Overview and Level Annotations

Branches:
Dungeon (10/15)            Temple (1/1) D:4            Lair (0/5) D:8
    Orc (0/2) D:10

Altars:
Ashenzari
Cheibriados
Dithmenos
Elyvilon
Fedhas
Gozag
Hepliaklqana
Makhleb
Nemelex Xobeh
Qazlal
Ru
Sif Muna
Trog
Uskayaw
Vehumet
Wu Jian
Xom
Yredelemnul
Zin
The Shining One

Portals:
Abyss: D:5

Annotations:
D:5 2 transporters, Caterwaul's ghost, novice HuMo
D:10 Erolcha
Temple 2 transporters


Innate Abilities, Weirdness & Mutations

You are small and have problems with some larger weapons.
You are completely attuned to the shadows.
Your system is resistant to poisons. (rPois)


Message History

You feel very sick.
You feel sick.
You feel sick.
You feel sick.
You feel sick.
Throw: 8 darts (poison)
Press: ? - help, Q - select action, (/) - cycle Shift-Dir - straight line, f/p - Grum
Aim: Grum, wielding a -1 glaive of venom and wearing a +0 animal skin (lightly wounded, poisoned, 70% to hit)
You throw a poisoned dart. The poisoned dart hits Grum.
Grum looks even sicker.
Grum is lightly wounded.
You feel sick.
You feel sick.
You feel sick.
You are no longer poisoned.
As you read the scroll of identify, it crumbles to dust.
G - 3 scrolls of poison Grum completely misses you.
Erolcha shouts!
Okay, then.
The air fills with toxic fumes!
As you read the scroll of poison, it crumbles to dust.
You hear a howl!
Erolcha hits you with a +0 spectral giant club!!
Grum barely misses you.
As you read the scroll labelled VACEXOTA JIFU, it crumbles to dust.
The creatures around you are filled with an inner flame!
It was a scroll of immolation.
Flame seeps out of Grum.
Grum is engulfed in blazing flames.
Flame seeps out of Grum.
Grum misses you.
You feel better.
Flame seeps out of Grum.
Erolcha misses you.
Grum is engulfed in blazing flames.
Grum explodes!
You hear a shout!
You feel the dreadful sensation subside.
Your +0 dagger of venom begins to drip with poison!
t - a +0 dagger of venom (weapon)
You hit Erolcha.
Flame seeps out of Erolcha.
Erolcha is poisoned.
Erolcha is lightly wounded.
Erolcha is engulfed in blazing flames.
Flame seeps out of Erolcha.
Erolcha hits you with a +0 spectral giant club!!
You die... #.8. #.8.# #.......((...... 'O..

#...# #.....(#....
.. ##.#
##.####......#.##.
##
#.......(##'##.#
.## #........#....
... #..#####.# ...
.... #..# #.#
..... #§§#####§#
...... #§§§§@§°§#
....... #§§§O§§§§#
....... #§§§§§§§§#
....... #§§§§§§§§#
....... #§§§§§§§§#
##...# .##########
###'#
../.#.....#.# ...
..g.'†(...#.# ....
....#..(..#.#
5....


You could see Erolcha (inner flame, very poisoned).

Vanquished Creatures
  A two-headed ogre (D:8)
  Pikel (D:4)
  Joseph (D:7)
  A troll (D:9)
  2 polar bears (D:10)
  Prince Ribbit (D:8)
  Sigmund (D:4)
  2 wyverns
  6 yaks
  An unseen horror simulacrum (D:10)
  Grum (D:10)
  3 steam dragons
  Menkaure (D:4)
  2 acid dragons
  An orc warrior (D:9)
  3 ice beasts
  2 sky beasts (D:6)
  3 black bears
  An ogre (D:4)
  3 wolves (D:10)
  6 centaurs
  A phantom (D:7)
  A kobold brigand (D:7)
  A bullfrog (D:9)
  5 scorpions
  4 wights
  2 killer bees (D:9)
  An electric eel (D:10)
  3 howler monkeys (D:7)
  4 hounds
  2 jellies
  11 orc priests
  Ijyb (D:4)
  Terence (D:3)
  6 iguanas
  13 orc wizards
  7 gnolls
  8 adders
  7 white imps
  5 ufetubi
  2 worms
  A dart slug (D:3)
  49 orcs
  5 bats
  5 endoplasms
  4 giant cockroaches
  8 goblins
  6 hobgoblins
  5 jackals
  4 quokkas
  11 ball pythons
  2 frilled lizards (D:3)
  A goblin skeleton (D:7)
  3 hobgoblin zombies (D:7)
  17 kobolds
  A kobold skeleton (D:7)
  2 kobold zombies (D:7)
  An orc zombie (D:7)
  12 rats
265 creatures vanquished.

Vanquished Creatures (collateral kills)
  5 killer bees (D:9)
5 creatures vanquished.

Grand Total: 270 creatures vanquished

Notes
Turn   | Place    | Note
-------+----------+-------------------------------------------
     0 | D:1      | BarneyGumball the Kobold Brigand began the quest for the
                  | Orb.
     0 | D:1      | Reached XP level 1. HP: 12/12 MP: 1/1
   112 | D:1      | Reached skill level 3 in Short Blades
   121 | D:1      | Reached XP level 2. HP: 17/17 MP: 2/2
   306 | D:1      | Reached XP level 3. HP: 21/21 MP: 3/3
   350 | D:1      | Reached skill level 4 in Short Blades
  1137 | D:2      | Reached XP level 4. HP: 26/26 MP: 4/4
  1333 | D:3      | Reached skill level 5 in Short Blades
  1508 | D:3      | Found a shimmering altar of Xom.
  1508 | D:3      | Found a glowing golden altar of the Shining One.
  1508 | D:3      | Found a glowing silver altar of Zin.
  1512 | D:3      | Found a bloodstained altar of Trog.
  1512 | D:3      | Found a shimmering blue altar of Sif Muna.
  1512 | D:3      | Found a broken altar of Ashenzari.
  2050 | D:3      | Found a faded altar of an unknown god.
  2068 | D:3      | Reached XP level 5. HP: 26/30 MP: 5/5
  2106 | D:3      | Noticed a moth of wrath
  2109 | D:3      | Found a bloodstained altar of Trog.
  2175 | D:3      | Noticed Terence
  2187 | D:3      | HP: 1/31 [Terence/+0 falchion (5)]
  2191 | D:3      | Killed Terence
  2305 | D:3      | Found a sparkling altar of Nemelex Xobeh.
  2432 | D:4      | Noticed a black bear
  2451 | D:4      | Killed a black bear
  2452 | D:4      | Reached skill level 6 in Short Blades
  2452 | D:4      | Reached XP level 6. HP: 37/37 MP: 6/6
  2466 | D:4      | Found a staircase to the Ecumenical Temple.
  2472 | Temple   | Entered the Ecumenical Temple
  2475 | Temple   | Found a transporter.
  2475 | Temple   | Found a transporter.
  2477 | Temple   | Found a transporter.
  2477 | Temple   | Found a transporter.
  2525 | Temple   | Became a worshipper of Uskayaw the Reveller
  2659 | D:4      | Reached * piety under Uskayaw
  2739 | D:4      | Reached ** piety under Uskayaw
  2827 | D:4      | Reached skill level 7 in Short Blades
  2827 | D:4      | Reached XP level 7. HP: 41/41 MP: 7/7
  2827 | D:4      | Noticed Ijyb
  2831 | D:4      | Killed Ijyb
  2832 | D:4      | Reached skill level 1 in Invocations
  2834 | D:4      | Reached *** piety under Uskayaw
  2849 | D:4      | Noticed Sigmund
  2852 | D:4      | Killed Sigmund
  2870 | D:4      | Noticed Menkaure
  2883 | D:4      | Reached skill level 8 in Short Blades
  2883 | D:4      | Reached XP level 8. HP: 48/48 MP: 9/9
  2912 | D:4      | Killed Menkaure
  3227 | D:4      | Noticed Pikel
  3244 | D:4      | Killed Pikel
  3245 | D:4      | Reached skill level 5 in Fighting
  3245 | D:4      | Reached skill level 9 in Short Blades
  3383 | D:4      | Identified the +1 leather armour "Celom" {Drain rPois MP+9
                  | SInv}
  3464 | D:5      | Entered Level 5 of the Dungeon
  3655 | D:5      | Reached XP level 9. HP: 54/54 MP: 11/11
  3917 | D:5      | Found a transporter.
  4025 | D:5      | Reached skill level 10 in Short Blades
  4196 | D:5      | Found a transporter.
  4470 | D:5      | Found a one-way gate to the infinite horrors of the Abyss.
  4470 | D:5      | Noticed Caterwaul's ghost (novice HuMo)
  4652 | D:6      | Gained mutation: Your magical capacity is low. (-10% MP)
                  | [potion of mutation]
  4652 | D:6      | Gained mutation: Your system is resistant to poisons.
                  | (rPois) [potion of mutation]
  4652 | D:6      | Lost mutation: Your magical capacity is low. (-10% MP)
                  | [potion of mutation]
  4663 | D:6      | HP: 1/55 [hound (3)]
  5561 | D:6      | Reached skill level 11 in Short Blades
  5630 | D:6      | Found a burning altar of Makhleb.
  5647 | D:6      | Reached skill level 5 in Invocations
  5882 | D:6      | Found an ornate altar of the Wu Jian Council.
  5955 | D:6      | Reached skill level 10 in Stealth
  6267 | D:7      | Reached XP level 10. HP: 49/61 MP: 12/14
  6334 | D:7      | Noticed Joseph
  6353 | D:7      | Killed Joseph
  6354 | D:7      | Reached skill level 12 in Short Blades
  6460 | D:7      | Found a broken altar of Ashenzari.
  6675 | D:7      | Reached **** piety under Uskayaw
  6691 | D:7      | Reached ***** piety under Uskayaw
  6699 | D:7      | Found a glowing golden altar of the Shining One.
  8137 | D:8      | Found a staircase to the Lair.
  8146 | D:8      | Noticed Prince Ribbit
  8150 | D:8      | Killed Prince Ribbit
  8201 | D:8      | Reached skill level 13 in Short Blades
  8558 | D:8      | Noticed a two-headed ogre
  8588 | D:8      | Killed a two-headed ogre
  8683 | D:8      | Found an opulent altar of Gozag.
  8754 | D:8      | Found a stormy altar of Qazlal.
  9748 | D:9      | Reached XP level 11. HP: 42/68 MP: 16/16
  9802 | D:9      | Reached skill level 14 in Short Blades
 10211 | D:9      | Learned a level 2 spell: Ensorcelled Hibernation
 10931 | D:10     | Entered Level 10 of the Dungeon
 10951 | D:10     | Reached skill level 5 in Dodging
 11518 | D:10     | Noticed Grum
 11665 | D:10     | Found a staircase to the Orcish Mines.
 11788 | D:10     | Reached ****** piety under Uskayaw
 11858 | D:10     | Noticed Erolcha
 11901 | D:10     | Killed Grum
 11903 | D:10     | Slain by Erolcha

Illustrated notes

Levels and vault maps discovered:
D:1:      minmay_arrival_five_plusses, layout_rooms
D:2:      layout_basic, minmay_pentomino_u2
D:3:      layout_loops_ring, tgw_trog, nemelex_spade_bored_becter,
          doesnt_xom_only_xom, shapermc_ecumenical_altar_acropolis,
          minmay_goblin_kobold_house, uniq_terence
D:4:      layout_basic, minmay_temple_entry_grid, uniq_sigmund, uniq_ijyb,
          uniq_pikel, uniq_menkaure
D:5:      layout_basic, gammafunk_ghost_abyssal_escape, minivault_27,
          minmay_fountain_box, dreamdust_wishing_well
D:6:      layout_gridville, bloody_makhleb, kennysheep_mini_moat,
          minmay_misc_feat_secret_circle, minmay_manual_mares
D:7:      layout_loops_corners, nicolae_tso_besieged_by_evil,
          overflow_temple_1_default, uniq_joseph
D:8:      layout_layer_cave, mainiacjoe_overflow_concentric_impassable,
          grunt_gozag_statues, lair_entry_dummy, minmay_statues_item,
          uniq_prince_ribbit1
D:9:      layout_basic, minivault_21
D:10:     layout_stronghold, hiddenorc2_lemuel, serial_ice, serial_ice_c,
          serial_ice_n, serial_ice_h, serial_ice_e, serial_ice_o, serial_ice_j,
          serial_ice_a, serial_ice_m, serial_ice_f, serial_ice_b, uniq_grum,
          uniq_erolcha, uniq_harold
Temple:   hellmonk_temple_divided_pantheon

Skill      XL: |  1  2  3  4  5  6  7  8  9 10 11 |
---------------+----------------------------------+-----
Short Blades   | 3 4 5 6 7 8 9 11 13 14 | 14.0
Stealth        | 6 7 8 10 | 10.3
Fighting       | 3 4 5 6 8 |  8.9
Invocations    | 2 3 5 7 8 |  8.9
Dodging        | 3 5 |  5.6
Throwing       | |  2.1

Action                   |  1- 3 |  4- 6 |  7- 9 | 10-12 || total
-------------------------+-------+-------+-------+-------++-------
Melee: Dagger            |    69 |   116 |   258 |   395 ||   838
       Punch             |       |     1 |    10 |     4 ||    15
       Rapier            |       |       |    53 |   141 ||   194
Throw: Dart              |       |     6 |    10 |    28 ||    44
       Throwing net      |       |       |       |     2 ||     2
Invok: Stomp             |       |       |     1 |     3 ||     4
  Use: Potion            |       |     6 |     6 |     7 ||    19
       Scroll            |       |     5 |     7 |     9 ||    21
 Stab: Sleeping          |    22 |    22 |    19 |    23 ||    86
       Distracted        |       |     1 |     1 |     3 ||     5
       Paralysed         |       |       |       |    14 ||    14
Armor: Robe              |     7 |    20 |    49 |    69 ||   145
       Skin              |       |       |     7 |       ||     7
Dodge: Dodged            |    27 |    87 |   120 |   250 ||   484

Table legend: (Time is in decaauts)
 A = Elapsed time spent in this place.
 B = Non-inter-level travel time spent in this place.
 C = Inter-level travel time spent in this place.
 D = Time resting spent in this place.
 E = Time spent auto-exploring this place.
 F = Levels seen in this place.
 G = Mean time per level.
                   A        B        C        D        E       F      G
               +--------+--------+--------+--------+--------+-----+--------+
         Total |  11394 |  10956 |    438 |   1303 |   7342 |  11 | 1035.8 |
       Dungeon |  11326 |  10895 |    431 |   1303 |   7340 |  10 | 1132.6 |
        Temple |     67 |     60 |      7 |      0 |      2 |   1 |   67.0 |
               +--------+--------+--------+--------+--------+-----+--------+

Top non-repeatable levels by time:
     D:9: 1703 daAuts
     D:8: 1578 daAuts
     D:3: 1325 daAuts
     D:6: 1294 daAuts
     D:7: 1291 daAuts
     D:5: 1284 daAuts
    D:10: 845 daAuts
     D:2: 830 daAuts
     D:4: 691 daAuts
     D:1: 480 daAuts
  Temple: 67 daAuts
